 Dungeon Crawl Stone Soup version 0.31-a0-237-g2d982f9f85 (webtiles) character file.

Game seed: 6252522758093741580

462 qw the Shooter (level 6, -8/52 HPs)
             Began as a Minotaur Hexslinger on July 11, 2023.
             Mangled by a gnoll
             ... wielding a +0 halberd
              (15 damage)
             ... on level 5 of the Dungeon.
             The game lasted 00:01:23 (3024 turns).

qw the Shooter (Minotaur Hexslinger)                Turns: 3024, Time: 00:01:24

Health: -8/52      AC:  6    Str: 13    XL:     6   Next: 79%
Magic:  6/6        EV: 11    Int: 10    God:
Gold:   36         SH:  0    Dex: 14    Spells: 6/7 levels left

rFire   . . .        Y - +2 sling
rCold   + . .        (no shield)
rNeg    . . .        h - +1 ring mail {rC+}
rPois   .            (helmet restricted)
rElec   .            (no cloak)
rCorr   .            (no gloves)
SInv    .            (no boots)
Will    .....        (no amulet)
Stlth   +            (no ring)
HPRegen 1.08/turn    (no ring)
MPRegen 0.10/turn

%: no passive effects
@: no status effects
A: horns 2, retaliatory headbutt, regeneration 1, MP-powered wands
a: no special abilities


You were on level 5 of the Dungeon.
You visited 1 branch of the dungeon, and saw 5 of its levels.

You collected 107 gold pieces.
You spent 71 gold pieces at shops.


Innate Abilities, Weirdness & Mutations

You have a pair of horns on your head.
You reflexively headbutt those who attack you in melee.
Your natural rate of healing is unusually fast.
You expend magic power (3 MP) to strengthen your wands.


   Skills:
 - Level 4.0 Fighting
 + Level 7.1 Ranged Weapons
 - Level 1.0 Armour
 - Level 2.1 Dodging
 - Level 1.0 Spellcasting
 - Level 2.0 Hexes


You had 6 spell levels left.
You knew the following spells:

 Your Spells              Type           Power      Damage    Failure   Level
a - Slow                  Hex            16%        N/A       32%         1

Your spell library contained the following spells:

 Spells                   Type           Power      Damage    Failure   Level
 Inner Flame              Hex/Fire       2%         N/A       82%         3
 Portal Projectile        Hex/Tloc       4%         N/A       82%         3
 Cause Fear               Hex            2%         N/A       97%         4

Inventory:

Hand Weapons
 Y - a +2 sling (weapon)
Armour
 h - a +1 ring mail of cold resistance (worn)
Potions
 b - a potion of cancellation {unknown}
 c - a potion of haste
 d - a potion of mutation
 e - a potion of attraction {unknown}
 f - 2 potions of enlightenment
 i - a potion of might
 j - a potion of degeneration {unknown}

Dungeon Overview and Level Annotations

Branches:
Dungeon (5/15)
 Temple: D:4-7

Altars:
Hepliaklqana

Shops:
D:1 *   D:4 (*


Message History

The gnoll hits you but does no damage. The gnoll barely misses you.
The gnoll moves out of view.
You shoot a sling bullet. The sling bullet hits the gnoll.
The gnoll is moderately wounded.
The gnoll hits you from afar with a +0 halberd.
The gnoll hits you with a +0 flail!
3016 ||| DRINKING potion of heal wounds.
You feel much better.
The gnoll hits you but does no damage. x2
You shoot a sling bullet.
The sling bullet barely misses the gnoll.
The gnoll closely misses you. The gnoll hits you with a +0 flail!
You shoot a sling bullet.
The sling bullet closely misses the gnoll.
The gnoll closely misses you. You furiously retaliate!
You headbutt the gnoll! The gnoll closely misses you.
You shoot a sling bullet. The sling bullet hits the gnoll.
You kill the gnoll!
The gnoll closely misses you.
You shoot a sling bullet.
The sling bullet barely misses the gnoll.
The gnoll barely misses you.
You shoot a sling bullet. The sling bullet hits the gnoll.
The gnoll is moderately wounded.
The gnoll hits you from afar with a +0 halberd!
The gnoll hits you but does no damage. The gnoll closely misses you.
The gnoll misses you. You furiously retaliate!
You headbutt the gnoll, but do no damage.
You shoot a sling bullet. The sling bullet hits the gnoll!
The gnoll is almost dead.
The gnoll barely misses you. The gnoll hits you but does no damage.
You shoot a sling bullet.
The sling bullet closely misses the gnoll.
The gnoll hits you from afar with a +0 halberd!
The gnoll barely misses you. You furiously retaliate!
You headbutt the gnoll!
You kill the gnoll!
You shoot a sling bullet.
The sling bullet hits the gnoll but does no damage.
The gnoll hits you from afar with a +0 halberd!
You die...

###### #....#
#....#######
#..........#
####..........#
#.............#
#....)@.......#
#....)).......#
.....g.........#
.#.......###..###
...#......###...#
.#...#....# ###.#
.........# #.# #.
.#.#.....### #.# ...
.....##....###.####...


You could see a gnoll.

Vanquished Creatures
  A black bear (D:4)
  A phantom (D:4)
  An orc priest (D:2)
  A jelly (D:4)
  2 iguanas
  3 gnolls (D:5)
  7 adders
  2 worms
  3 dart slugs
  11 orcs
  7 ball pythons
  7 bats
  5 endoplasms
  3 giant cockroaches
  7 goblins
  5 hobgoblins
  5 jackals (D:2)
  2 quokkas (D:2)
  3 frilled lizards (D:1)
  7 kobolds
  4 rats
87 creatures vanquished.

Notes
Turn   | Place    | Note
-------+----------+-------------------------------------------
     0 | D:1      | qw the Minotaur Hexslinger began the quest for the Orb.
     0 | D:1      | Reached XP level 1. HP: 16/16 MP: 1/1
     0 | D:1      | 0 ||| qw: Version: 0.3-a-52-g30416fa
     0 | D:1      | 0 ||| qw: Game counter: 5741
     0 | D:1      | 0 ||| qw: Melee chars always use a shield: true
     0 | D:1      | 0 ||| qw: God list: Okawaru
     0 | D:1      | 0 ||| qw: Allow faded altars: false
     0 | D:1      | 0 ||| qw: Do Orc after clearing Dungeon:15 true
     0 | D:1      | 0 ||| qw: Do second Lair branch before Depths: true
     0 | D:1      | 0 ||| qw: Lair rune preference: random
     0 | D:1      | 0 ||| qw: Goals: Normal
     0 | D:1      | 0 ||| PLANNING D:1-11
    43 | D:1      | 43 ||| Stepping ~*~*~tactically~*~*~ (outnumbered).
    49 | D:1      | Reached skill level 3 in Ranged Weapons
    51 | D:1      | Reached XP level 2. HP: 20/23 MP: 2/2
   178 | D:1      | Found Qeimiv's Assorted Antiques.
   186 | D:1      | 186 ||| SHOPLISTING 2 green potions (39 gold, have 36).
   186 | D:1      | 186 ||| BUYING murky puce potion (19 gold).
   186 | D:1      | Bought a murky puce potion for 19 gold pieces
   186 | D:1      | 186 ||| SHOPLISTING ring mail (88 gold, have 17).
   186 | D:1      | 186 ||| SHOPLISTING scroll labelled RIOZ DYSKIDDEWOSM (22
                  | gold, have 17).
   186 | D:1      | 186 ||| SHOPLISTING scroll labelled XAETEI JUIFALIUM (22
                  | gold, have 17).
   186 | D:1      | 186 ||| SHOPLISTING short glass wand (88 gold, have 17).
   186 | D:1      | 186 ||| SHOPLISTING smoky silvery potion (19 gold, have
                  | 17).
   356 | D:1      | Reached XP level 3. HP: 26/29 MP: 3/3
   449 | D:1      | 449 ||| UPGRADING to +0 leather armour.
   459 | D:1      | 459 ||| DROPPING +0 robe.
   460 | D:1      | 460 ||| DROPPING scarf of invisibility.
   461 | D:1      | 461 ||| UPGRADING to +1 ring mail of cold resistance.
   471 | D:1      | 471 ||| DROPPING +0 leather armour.
   472 | D:1      | 472 ||| DROPPING scroll of poison.
   617 | D:2      | Reached skill level 4 in Ranged Weapons
   803 | D:2      | Reached skill level 1 in Armour
  1055 | D:3      | 1055 ||| STAIRDANCE
  1114 | D:3      | 1114 ||| STAIRDANCE
  1184 | D:3      | 1184 ||| STAIRDANCE
  1188 | D:2      | HP: 5/29 [orc/+0 morningstar (4)]
  1291 | D:3      | 1291 ||| STAIRDANCE
  1294 | D:2      | Reached XP level 4. HP: 30/36 MP: 4/4
  1378 | D:3      | Reached skill level 5 in Ranged Weapons
  1983 | D:3      | Reached XP level 5. HP: 25/44 MP: 5/5
  2030 | D:3      | Reached skill level 3 in Fighting
  2364 | D:3      | 2364 ||| READING scroll labelled SUICAU NAFER.
  2367 | D:3      | 2367 ||| DRINKING 2 ruby potions.
  2368 | D:3      | 2368 ||| DRINKING 2 inky potions.
  2368 | D:3      | Gained mutation: Your natural rate of healing is unusually
                  | fast. [potion of mutation]
  2368 | D:3      | Gained mutation: You expend magic power (3 MP) to
                  | strengthen your wands. [potion of mutation]
  2369 | D:3      | 2369 ||| DRINKING 2 grey potions.
  2370 | D:3      | 2370 ||| DRINKING 2 murky puce potions.
  2395 | D:4      | Found Jioggyre's General Store.
  2395 | D:4      | Found Syfis's Specific Store.
  2405 | D:4      | 2405 ||| BUYING potion of might (52 gold).
  2405 | D:4      | Bought a potion of might for 52 gold pieces
  2409 | D:4      | 2409 ||| SHOPLISTING 2 scrolls of identify (40 gold, have
                  | 27).
  2409 | D:4      | 2409 ||| SHOPLISTING potion of enlightenment (50 gold, have
                  | 27).
  2409 | D:4      | 2409 ||| SHOPLISTING potion of haste (100 gold, have 27).
  2479 | D:4      | Found Ophih's Firing Range.
  2484 | D:4      | 2484 ||| SHOPLISTING +0 orcbow (49 gold, have 27).
  2484 | D:4      | 2484 ||| SHOPLISTING +0 shortbow (42 gold, have 27).
  2484 | D:4      | 2484 ||| SHOPLISTING +0 triple crossbow (140 gold, have
                  | 27).
  2573 | D:4      | Found a hazy altar of Hepliaklqana.
  2583 | D:4      | Noticed a black bear
  2590 | D:4      | Noticed a phantom
  2593 | D:4      | Killed a black bear
  2594 | D:4      | Reached skill level 6 in Ranged Weapons
  2594 | D:4      | Reached XP level 6. HP: 40/51 MP: 6/6
  2910 | D:4      | 2910 ||| READING scroll labelled IGOLLE HOEHA.
  2911 | D:4      | 2911 ||| READING scroll labelled VOEFEDD GYFAQU.
  2912 | D:4      | 2912 ||| READING scroll labelled ESHRAXZ ZAVOJ.
  2937 | D:5      | Entered Level 5 of the Dungeon
  3013 | D:5      | Reached skill level 7 in Ranged Weapons
  3015 | D:5      | HP: 10/52 [gnoll/+0 flail (11)]
  3016 | D:5      | 3016 ||| DRINKING potion of heal wounds.
  3021 | D:5      | HP: 12/52 [gnoll/+0 halberd (14)]
  3024 | D:5      | Mangled by a gnoll

Levels and vault maps discovered:
D:1:      minmay_arrival_cross, layout_basic, serial_shops, shop
D:2:      layout_rooms
D:3:      layout_basic, serial_co_window_serial, co_window_corner_a,
          co_window_paths_a, co_window_paths_b, co_window_of_opportunity_a,
          co_window_paths_a, co_window_corner_b, co_window_2corner,
          co_window_2corner, co_window_2corner, co_window_corner_cb,
          co_window_corner_cb, co_window_of_opportunity_b, co_window_paths_d,
          glass_columns_c, glass_columns_a
D:4:      layout_cave_pools, mainiacjoe_overflow_tiny_flanked,
          nicolae_specific_store, glass_columns_a, nicolae_shop_firing_range
D:5:      layout_rooms, serial_shops, nicolae_shop_tiny_glass,
          nicolae_kite_square_tiling_tiny, chequers_decorated_corner

Skill      XL: |  1  2  3  4  5  6 |
---------------+-------------------+-----
Ranged Weapons | 3 4 5 6 7 |  7.1
Fighting       | 2 3 4 |  4.0
Armour         | 1 |  1.0
Dodging        | |  2.1
Spellcasting   | |  1.0
Hexes          | |  2.0

Action                     |  1- 3 |  4- 6 || total
---------------------------+-------+-------++-------
   Fire: Sling             |   158 |   162 ||   320
    Use: Potion            |       |     5 ||     5
         Scroll            |       |     4 ||     4
 Armour: Robe              |    13 |       ||    13
         Ring mail         |    26 |    49 ||    75
  Dodge: Dodged            |    80 |    74 ||   154

Table legend:
 A = Non-vault XP
 B = Vault XP
 C = Vault XP percentage of total XP
 D = Non-vault monster count
 E = Vault monster count
 F = Vault count percentage of total count
                 A         B        C        D         E       F
            +---------+---------+-------+---------+---------+-------
      Total |     660 |       0 |   0.0 |      87 |       0 |   0.0
            +---------+---------+-------+---------+---------+-------
        D:1 |      47 |       0 |   0.0 |      30 |       0 |   0.0
        D:2 |     102 |       0 |   0.0 |      22 |       0 |   0.0
        D:3 |      64 |       0 |   0.0 |      18 |       0 |   0.0
        D:4 |     352 |       0 |   0.0 |      12 |       0 |   0.0
        D:5 |      95 |       0 |   0.0 |       5 |       0 |   0.0
            +---------+---------+-------+---------+---------+-------
